 Dungeon Crawl Stone Soup version 0.31-a0-845-g9abc20d24f (webtiles) character file.

Game seed: 10608801022216973990

215 randomguy2701 the Magician (level 5, -10/41 HPs)
             Began as a Gnoll Wanderer on Oct 3, 2023.
             Killed by nerve-wracking pain
             ... invoked by Grinder
              (11 damage)
             ... on level 4 of the Dungeon.
             The game lasted 00:05:25 (3259 turns).

randomguy2701 the Magician (Gnoll Wanderer)         Turns: 3259, Time: 00:05:25

Health: -10/41     AC:  9    Str: 12    XL:     5   Next: 92%
Magic:  11/12      EV: 13    Int: 10    God:
Gold:   200        SH:  5    Dex: 14    Spells: 13/14 levels left

rFire   . . .        a - +0 dagger
rCold   . . .        e - +0 buckler {AC+3}
rNeg    . . .        d - +0 leather armour
rPois   .            b - +0 helmet
rElec   .            (no cloak)
rCorr   .            n - +1 pair of gloves
SInv    .            (no boots)
Will    .....        (no amulet)
Stlth   ++           (no ring)
HPRegen 0.26/turn    (no ring)
MPRegen 0.13/turn

%: no passive effects
@: no status effects
A: fangs 1, strong nose, distributed training
a: no special abilities


You were on level 4 of the Dungeon.
You visited 1 branch of the dungeon, and saw 4 of its levels.

You collected 200 gold pieces.

Inventory:

Hand Weapons
 a - a +0 dagger (weapon)
Armour
 b - a +0 helmet (worn)
 d - a +0 leather armour (worn)
 e - a +0 buckler of protection (worn)
 n - a +1 pair of gloves (worn)
Jewellery
 p - a +4 ring of slaying
 r - a +6 ring of dexterity
 v - a +6 ring of dexterity
Scrolls
 f - 2 scrolls of teleportation {unknown}
 h - a scroll of enchant weapon {unknown}
 i - 2 scrolls of enchant armour {unknown}
 j - a scroll of identify {unknown}
 k - 2 scrolls of blinking {unknown}
 l - a scroll of poison {unknown}
 m - a scroll of fear {unknown}
 o - a scroll of immolation {unknown}
 q - 2 scrolls of fog {unknown}
 s - a scroll of vulnerability {unknown}
 x - a scroll of amnesia {unknown}
Potions
 c - a potion of haste
 g - a potion of attraction {unknown}
 t - a potion of resistance {unknown}
 u - a potion of curing
 w - 2 potions of cancellation {unknown}


   Skills:
 + Level 3.1 Fighting
 + Level 1.7 Short Blades
 + Level 1.7 Long Blades
 + Level 1.7 Axes
 + Level 1.7 Maces & Flails
 + Level 1.7 Polearms
 + Level 1.7 Staves
 + Level 1.7 Ranged Weapons
 + Level 1.7 Throwing
 + Level 1.7 Armour
 + Level 4.9 Dodging
 + Level 1.7 Stealth
 + Level 4.9 Shields
 + Level 1.7 Unarmed Combat
 + Level 5.3 Spellcasting
 + Level 1.3 Conjurations
 + Level 1.3 Hexes
 + Level 4.0 Summonings
 + Level 1.3 Necromancy
 + Level 1.3 Translocations
 + Level 1.3 Transmutations
 + Level 1.3 Fire Magic
 + Level 1.3 Ice Magic
 + Level 1.3 Air Magic
 + Level 1.3 Earth Magic
 + Level 1.3 Poison Magic
 + Level 3.2 Invocations
 + Level 1.7 Evocations
 + Level 1.5 Shapeshifting


You had 13 spell levels left.
You knew the following spells:

 Your Spells              Type           Power      Damage    Failure   Level
a - Summon Small Mammal   Summ           40%        N/A       8%          1

Your spell library contained the following spells:

 Spells                   Type           Power      Damage    Failure   Level
 Call Canine Familiar     Summ           10%        N/A       22%         3


Dungeon Overview and Level Annotations

Branches:
Dungeon (4/15)
 Temple: D:4-7

Altars:

Annotations:
D:4 Grinder


Innate Abilities, Weirdness & Mutations

You have very sharp teeth.
Your uncanny sense of smell can sniff out nearby items.
Your experience applies equally to all skills.


Message History

Grinder closely misses you.
Your bat closely misses Grinder.
Found a blade talisman.
Your rat bites Grinder.
Grinder hits you.
* * * LOW HITPOINT WARNING * * *
You writhe in agony.
* * * LOW HITPOINT WARNING * * *
Your bat barely misses Grinder.
Your bat misses Grinder. Grinder hits your rat.
Your rat closely misses Grinder.
Your bat barely misses Grinder.
Grinder hits your rat!
Your rat dies!
Your rat's corpse disappears in a puff of smoke!
You are too injured to fight recklessly!
Casting: Summon Small Mammal (safe; 8% risk of failure)
Confirm with . or Enter, or press ? or * to list all spells.
Your bat closely misses Grinder.
Your bat barely misses Grinder.
Grinder hits your rat.
Your rat writhes in agony.
Your rat dies!
Your rat's corpse disappears in a puff of smoke!
What are your orders? t - Bark!
Orders for allies: a - Attack new target. r - Retreat! s - Stop attacking. g - Guard the area. f - Follow me.
Anything else - Cancel.
Okay, then.
Casting: Summon Small Mammal (safe; 8% risk of failure)
Confirm with . or Enter, or press ? or * to list all spells.
You swap places.
Your bat barely misses Grinder.
Your rat bites Grinder but does no damage.
Your bat hits Grinder. Grinder hits your rat.
Your rat dies!
Your rat's corpse disappears in a puff of smoke!
Your bat closely misses Grinder.
Your bat misses Grinder. Grinder hits you.
* * * LOW HITPOINT WARNING * * *
Your bat hits Grinder but does no damage.
Grinder gestures at you. Pain shoots through your body!
You die...
Grinder says, "Now the real fun starts!"

.. ... ..# #.##
... ..#
#.######.#####
#............#
#..........#
#...@....[.#
#..5b......# #
#[..!..<...#....
#.............#
#####.######.##
...# # %..###
.... ...


You could see Grinder (ally target) and a friendly bat (summoned).

Vanquished Creatures
  An adder (D:3)
  5 worms
  4 orcs
  11 bats
  An endoplasm (D:2)
  9 giant cockroaches
  3 goblins
  5 hobgoblins
  4 jackals (D:2)
  A quokka (D:3)
  2 ball pythons
  5 frilled lizards
  7 kobolds
  7 rats
65 creatures vanquished.

Vanquished Creatures (collateral kills)
  An ogre (D:3)
  An orc priest (D:2)
  A worm (D:2)
  An orc (D:2)
  An endoplasm (D:1)
5 creatures vanquished.

Grand Total: 70 creatures vanquished

Notes
Turn   | Place    | Note
-------+----------+-------------------------------------------
     0 | D:1      | randomguy2701 the Gnoll Wanderer began the quest for the
                  | Orb.
     0 | D:1      | randomguy2701 set off with the following items: a +0
                  | dagger, a +0 helmet, a potion of haste, a +0 leather
                  | armour, a +0 buckler of protection; and the following spell
                  | memorised: Summon Small Mammal; and the following spells
                  | available to memorise: Call Canine Familiar.
     0 | D:1      | Reached XP level 1. HP: 17/17 MP: 6/6
   123 | D:1      | Reached XP level 2. HP: 19/23 MP: 7/7
   372 | D:1      | HP: 1/23 [endoplasm (2)]
   377 | D:1      | HP: 1/23 [giant cockroach (1)]
  1019 | D:2      | Found a faded altar of an unknown god.
  1040 | D:2      | Reached skill level 5 in Spellcasting
  1040 | D:2      | Reached XP level 3. HP: 28/28 MP: 7/9
  1869 | D:2      | Reached skill level 1 in Short Blades
  1869 | D:2      | Reached skill level 1 in Long Blades
  1869 | D:2      | Reached skill level 1 in Axes
  1869 | D:2      | Reached skill level 1 in Maces & Flails
  1869 | D:2      | Reached skill level 1 in Polearms
  1869 | D:2      | Reached skill level 1 in Staves
  1869 | D:2      | Reached skill level 1 in Ranged Weapons
  1869 | D:2      | Reached skill level 1 in Throwing
  1869 | D:2      | Reached skill level 1 in Armour
  1869 | D:2      | Reached skill level 1 in Stealth
  1869 | D:2      | Reached skill level 1 in Unarmed Combat
  1869 | D:2      | Reached skill level 1 in Evocations
  2259 | D:3      | Reached skill level 1 in Shapeshifting
  2259 | D:3      | Reached XP level 4. HP: 28/34 MP: 11/11
  2658 | D:2      | Reached skill level 1 in Conjurations
  2658 | D:2      | Reached skill level 1 in Hexes
  2658 | D:2      | Reached skill level 1 in Necromancy
  2658 | D:2      | Reached skill level 1 in Translocations
  2658 | D:2      | Reached skill level 1 in Transmutations
  2658 | D:2      | Reached skill level 1 in Fire Magic
  2658 | D:2      | Reached skill level 1 in Ice Magic
  2658 | D:2      | Reached skill level 1 in Air Magic
  2658 | D:2      | Reached skill level 1 in Earth Magic
  2658 | D:2      | Reached skill level 1 in Poison Magic
  2751 | D:3      | Noticed an ogre
  2812 | D:3      | Killed an ogre
  2813 | D:3      | Reached XP level 5. HP: 41/41 MP: 8/12
  3218 | D:4      | Noticed Grinder
  3228 | D:4      | Paralysed by Grinder for 5 turns
  3237 | D:4      | HP: 1/41 [Grinder/nerve-wracking pain (8)]
  3248 | D:4      | HP: 2/41 [Grinder (5)]
  3258 | D:4      | HP: 1/41 [Grinder (4)]
  3259 | D:4      | Killed from afar by Grinder

Illustrated notes

Levels and vault maps discovered:
D:1:      lemuel_arrival_tunnels, layout_loops_ring, nicolae_the_louvre
D:2:      layout_basic, hellmonk_ecumenical_altar_crossroads
D:3:      layout_rooms, roderic_batcave, kennysheep_generic_room_10
D:4:      layout_rooms, amcnicky_altar_gilded, minmay_temple_entry_grid,
          ebering_ghost_inner_flame, minmay_misc_feat_tiny,
          minmay_close_crescents, uniq_edmund, uniq_grinder

Skill      XL: |  1  2  3  4 |
---------------+-------------+-----
Spellcasting   | 5 |  5.3
Short Blades   | 1 |  1.7
Long Blades    | 1 |  1.7
Axes           | 1 |  1.7
Maces & Flails | 1 |  1.7
Polearms       | 1 |  1.7
Staves         | 1 |  1.7
Ranged Weapons | 1 |  1.7
Throwing       | 1 |  1.7
Armour         | 1 |  1.7
Stealth        | 1 |  1.7
Unarmed Combat | 1 |  1.7
Evocations     | 1 |  1.7
Shapeshifting  | 1 |  1.5
Conjurations   | 1 |  1.3
Hexes          | 1 |  1.3
Necromancy     | 1 |  1.3
Translocations | 1 |  1.3
Transmutations | 1 |  1.3
Fire Magic     | 1 |  1.3
Ice Magic      | 1 |  1.3
Air Magic      | 1 |  1.3
Earth Magic    | 1 |  1.3
Poison Magic   | 1 |  1.3
Invocations    | 3 |  3.2
Fighting       | 3 |  3.1
Summonings     | 4 |  4.0
Dodging        | |  4.9
Shields        | |  4.9

Action                     |  1- 3 |  4- 6 || total
---------------------------+-------+-------++-------
  Melee: Dagger            |   272 |   185 ||   457
         Bite              |    23 |    17 ||    40
   Cast: Summon Small Mamm |     6 |    19 ||    25
    Use: Potion            |       |     1 ||     1
   Stab: Sleeping          |     2 |       ||     2
 Armour: Leather armour    |   124 |   106 ||   230
  Dodge: Dodged            |   149 |   129 ||   278
  Block: Buckler           |    50 |    65 ||   115

Table legend: (Time is in decaauts)
 A = Elapsed time spent in this place.
 B = Non-inter-level travel time spent in this place.
 C = Inter-level travel time spent in this place.
 D = Time resting spent in this place.
 E = Time spent auto-exploring this place.
 F = Levels seen in this place.
 G = Mean time per level.
                   A        B        C        D        E       F      G
               +--------+--------+--------+--------+--------+-----+--------+
         Total |   3259 |   2986 |    273 |      0 |   2188 |   4 |  814.8 |
       Dungeon |   3259 |   2986 |    273 |      0 |   2188 |   4 |  814.8 |
               +--------+--------+--------+--------+--------+-----+--------+

Top non-repeatable levels by time:
     D:2: 1236 daAuts
     D:1: 1095 daAuts
     D:3: 887 daAuts
     D:4: 40 daAuts
